 Dungeon Crawl Stone Soup version 0.25.0-9-g26727b657a (webtiles) character file.

Game seed: 9286816482070802133

1197 Dirian the Grappler (level 8, -2/75 HPs)
             Began as a Troll Monk on June 17, 2020.
             Slain by a gnoll
             ... wielding a +1 spear of venom
              (5 damage)
             ... on level 4 of the Dungeon.
             The game lasted 00:07:53 (3480 turns).

Dirian the Grappler (Troll Monk)                    Turns: 3480, Time: 00:07:53

Health: -2/75      AC:  6    Str: 22    XL:     8   Next: 20%
Magic:  7/7        EV: 11    Int:  6    God:
Gold:   56         SH:  0    Dex: 12    Spells: 7/7 levels left

rFire    . . .     SeeInvis .     - Unarmed
rCold    . . .     Gourm    +   (no shield)
rNeg     . . .     Faith    .   a - +0 robe
rPois    .         Spirit   .   j - +0 hat
rElec    .         Reflect  .   (no cloak)
rCorr    .         Harm     .   (gloves unavailable)
MR       .....                  (boots unavailable)
Stlth    ++........             (no amulet)
HPRegen  0.62/turn              (no ring)
MPRegen  0.10/turn              (no ring)

@: lethally poisoned (-2 -> -2), very slightly contaminated, invisible
A: large, unfitting armour, claws 3, fast metabolism 3, gourmand, regeneration
1, shaggy fur 1, tough skin 3
a: no special abilities


You were on level 4 of the Dungeon.
You were very full.

You visited 1 branch of the dungeon, and saw 4 of its levels.
You also visited: Sewer.

You collected 138 gold pieces.
You spent 82 gold pieces at shops.

Inventory:

Armour
 a - a +0 robe (worn)
 j - a +0 hat (worn)
Scrolls
 d - 2 scrolls of enchant weapon
 k - a scroll of blinking
 t - a scroll of teleportation
 x - 4 scrolls of remove curse
Potions
 c - a potion of degeneration
 h - a potion of cancellation
 i - a potion of mutation
 m - a potion of invisibility
 n - a potion of heal wounds {unknown}
 o - a potion of might {unknown}
 p - a potion of brilliance {unknown}
 q - 3 potions of curing
Comestibles
 e - 4 rations


   Skills:
 + Level 3.3 Fighting
 + Level 4.1 Dodging
 - Level 1.0 Stealth
 * Level 9.1 Unarmed Combat


You had 7 spell levels left.
You didn't know any spells.
Your spell library was empty.

Dungeon Overview and Level Annotations

Branches:
Dungeon (4/15)             Temple (0/1) D:4           Sewer (visited)

Altars:

Shops:
D:4 ?*=*[}


Innate Abilities, Weirdness & Mutations

You are too large for most types of armour.
You have claws for hands.
Your metabolism is lightning-fast.
You like to eat raw meat.
Your natural rate of healing is unusually fast.
You are covered in fur. (AC +1)
You have extremely tough skin. (AC +3)


Message History

The gnoll shaman is heavily wounded.
The gnoll shaman barely misses you.
You strike the helpless gnoll shaman from behind!
You claw the gnoll shaman!
You kill the gnoll shaman!
The gnoll misses you.
You closely miss the gnoll. The gnoll barely misses you.
The gnoll hits you from afar with a +1 spear of venom.
* * * LOW HITPOINT WARNING * * *
You are poisoned.
You claw the gnoll!
You kill the gnoll!
You feel sick. The gnoll hits you but does no damage.
The gnoll closely misses you.
You catch the helpless ogre completely off-guard!
You claw the ogre!
The ogre is heavily wounded.
You feel sick.
The gnoll hits you from afar with a +1 spear of venom.
You die...

≈.#..,*,#.))....#g...#..,,,,,*,*,
≈.#,*,,,#).)Ol.gg....'...,,,,*,,,
≈.#,****#)###############***'****
≈.#,,,,,#.).....#....#...,,,,*,,,
≈.#,,,,,#.....gO.g≈≈.....,,,,*,,,
≈.#,**++#......g.lgg.....,,,,*''*
≈.#,*,,,......gg#gg..#..,,,,,,,,,
≈.#.#,,,.########O...#*******,,,,
###'#,,,.+,,,,#.@g##...# *,,,,
#...#############################
#gg.#......................÷.....
#####≈≈≈≈≈≈≈≈≈≈≈≈≈≈≈≈≈≈≈≈≈≈††≈≈≈≈
≈≈≈≈≈≈≈≈≈≈≈≈≈≈≈≈≈≈≈≈≈≈≈≈≈≈≈≈≈≈≈≈≈
≈≈≈≈≈≈≈≈≈≈≈≈≈≈≈≈≈≈≈≈≈≈≈≈≈≈≈≈≈≈≈≈≈
............P.†..............P...
..........P......................
#################################


You could see 2 ogres, 10 gnolls and a leopard gecko.

Vanquished Creatures
  A troll (D:4)
  An orc warrior (D:4)
  A phantom (D:4)
  3 hounds
  4 gnoll shamans (D:4)
  4 orc wizards
  Jessica (D:3)
  An iguana (D:4)
  A worker ant (D:4)
  22 gnolls (D:4)
  8 adders
  6 worms
  5 leopard geckos
  12 orcs
  3 bats
  3 giant cockroaches
  4 goblins
  2 hobgoblins
  18 jackals
  A quokka (D:3)
  2 ball pythons (Sewer)
  3 frilled lizards
  9 kobolds
  6 rats
  3 plants (Sewer)
124 creatures vanquished.

Notes
Turn   | Place    | Note
-------+----------+-------------------------------------------
     0 | D:1      | Dirian the Troll Monk began the quest for the Orb.
     0 | D:1      | Reached XP level 1. HP: 22/22 MP: 0/0
     7 | D:1      | Noticed a merfolk zombie
     8 | D:1      | Noticed a merfolk zombie
    16 | D:1      | Noticed a minotaur zombie
   195 | D:1      | Reached XP level 2. HP: 29/29 MP: 1/1
   604 | D:2      | Reached XP level 3. HP: 28/36 MP: 2/2
  1382 | D:3      | Reached skill level 4 in Unarmed Combat
  1460 | D:3      | Noticed Jessica
  1462 | D:3      | Killed Jessica
  1462 | D:3      | Reached XP level 4. HP: 44/44 MP: 3/3
  1606 | D:3      | Reached skill level 5 in Unarmed Combat
  1606 | D:3      | Reached XP level 5. HP: 50/52 MP: 4/4
  1936 | D:4      | Noticed an orc warrior
  1949 | D:4      | Killed an orc warrior
  1949 | D:4      | Reached XP level 6. HP: 37/59 MP: 5/5
  1997 | D:4      | Found Huon's Assorted Antiques.
  2034 | D:4      | Reached skill level 6 in Unarmed Combat
  2045 | D:4      | Found Ohyl's Magic Scroll Shoppe.
  2076 | D:4      | Found Nyenn's Jewellery Shoppe.
  2079 | D:4      | Found Iczaiczacw's Assorted Antiques.
  2150 | D:4      | Found a glowing drain.
  2154 | Sewer    | Entered a sewer
  2872 | Sewer    | Reached skill level 7 in Unarmed Combat
  2950 | D:4      | Found Qasukh's Antique Armour Shop.
  3003 | D:4      | Found a staircase to the Ecumenical Temple.
  3019 | D:4      | Found Tuaffohe's Gadget Shoppe.
  3076 | D:4      | Bought a scroll of blinking for 82 gold pieces
  3120 | D:4      | Noticed a troll
  3126 | D:4      | Reached XP level 7. HP: 33/67 MP: 6/6
  3195 | D:4      | Killed a troll
  3396 | D:4      | Reached skill level 8 in Unarmed Combat
  3432 | D:4      | Reached XP level 8. HP: 61/75 MP: 7/7
  3471 | D:4      | Reached skill level 9 in Unarmed Combat
  3479 | D:4      | HP: 3/75 [poisoned by a gnoll]
  3480 | D:4      | Slain by a gnoll

Illustrated notes

Levels and vault maps discovered:
D:1:      shiori_arrival_whats_in_store_for_you, layout_rooms
D:2:      layout_basic, minmay_misc_feat_four_crosses
D:3:      layout_loops_corners, uniq_jessica
D:4:      lemuel_castle_with_subvaults [lemuel_castle_interior_carwin_3],
          layout_rooms, minmay_temple_entry_crystal_x, gup_sewer_entry_bowl,
          serial_shops, shop, shop, nicolae_shop_stone,
          nicolae_shop_behind_doors, nicolae_shop_window_shopping,
          serial_park_tiny_2, minmay_shop_grid_forest,
          chequers_serial_rivers_small_b

Skill      XL: |  1  2  3  4  5  6  7  8 |
---------------+-------------------------+-----
Unarmed Combat | 4 5 7 8 9 |  9.1
Dodging        | 3 4 |  4.1
Fighting       | 3 |  3.3
Stealth        | |  1.0

Action                   |  1- 3 |  4- 6 |  7- 9 || total
-------------------------+-------+-------+-------++-------
Melee: Unarmed           |    74 |   145 |   104 ||   323
       Punch             |       |     4 |     6 ||    10
  Use: Scroll            |       |       |    13 ||    13
       Potion            |       |       |     1 ||     1
 Stab: Sleeping          |     2 |     2 |       ||     4
       Invisible         |       |       |     4 ||     4
  Eat: Chunk             |    17 |    13 |     7 ||    37
Armor: Robe              |    27 |    33 |    22 ||    82
Dodge: Dodged            |    35 |    64 |    61 ||   160
